 Dungeon Crawl Stone Soup version 0.25-a0-632-g7713895373 (webtiles) character file.

Game seed: 11527916248192183634, levelgen mode: deterministic

870 kae the Insei (level 7, 0/53 HPs)
             Began as a Demonspawn Transmuter on Mar 19, 2020.
             Was an Initiate of Wu Jian.
             Splashed by a jelly's acid (8 damage)
             ... on level 6 of the Dungeon.
             The game lasted 00:04:30 (5813 turns).

kae the Insei (Demonspawn Transmuter)               Turns: 5813, Time: 00:04:30

Health: 0/53       AC:  5    Str: 12    XL:     7   Next: 73%
Magic:  5/13       EV: 12    Int: 14    God:    Wu Jian [......]
Gold:   269        SH:  4    Dex: 14    Spells: 8/14 levels left

rFire    . . .     SeeInvis .     - Unarmed
rCold    . . .     Gourm    .   (no shield)
rNeg     . . .     Faith    .   b - +0 robe
rPois    .         Spirit   .   (no helmet)
rElec    .         Reflect  .   e - +1 cloak
rCorr    .         Harm     .   (no gloves)
MR       .....                  (no boots)
Stlth    +.........             (no amulet)
HPRegen  0.17/turn              m - +1 ring of protection
MPRegen  0.13/turn              (no ring)

@: no status effects
A: hooves 2, large bone plates 1, powered by pain 1, spiny 1
a: Renounce Religion


You were on level 6 of the Dungeon.
You worshipped Wu Jian.
Wu Jian was noncommittal.
You were hungry.

You visited 2 branches of the dungeon, and saw 7 of its levels.

You collected 269 gold pieces.

Inventory:

Missiles
 a - 62 arrows
Armour
 b - a +0 robe (worn)
 e - a +1 cloak (worn)
Jewellery
 m - a +1 ring of protection (left hand)
 r - an uncursed amulet of the acrobat {unknown}
Wands
 n - a wand of flame (19)
 q - a wand of digging (7)
 v - a wand of iceblast (11)
 w - a wand of acid (5)
Scrolls
 c - a scroll of teleportation
 i - a scroll of enchant armour
 p - a scroll of enchant weapon
 s - a scroll of identify
Potions
 f - a potion of ambrosia
 g - 2 potions of cancellation
 h - 2 potions of curing
 j - 2 potions of lignification {unknown}
 k - a potion of flight {unknown}
 l - a potion of haste
 o - a potion of invisibility {unknown}
 t - a potion of heal wounds {unknown}
Comestibles
 d - 11 rations
 u - 2 chunks of flesh


   Skills:
 + Level 3.9 Fighting
 - Level 1.7 Dodging
 * Level 5.7 Unarmed Combat
 + Level 4.0 Spellcasting
 + Level 3.9 Transmutations


You had 8 spell levels left.
You knew the following spells:

 Your Spells              Type           Power        Failure   Level  Hunger
a - Beastly Appendage     Tmut           ##....       3%          1    None
b - Sticks to Snakes      Tmut           ##......     6%          2    ##.....
c - Spider Form           Tmut/Pois      #.........   26%         3    ###....

Your spell library contained the following spells:

 Spells                   Type           Power        Failure   Level  Hunger
 Magic Dart               Conj           #...         19%         1    None
 Blink                    Tloc           N/A          28%         2    ##.....
 Call Imp                 Summ           #.......     28%         2    ##.....
 Slow                     Hex            #.......     28%         2    ##.....
 Conjure Flame            Conj/Fire      #.......     50%         3    ###....
 Mephitic Cloud           Conj/Pois/Air  #.......     50%         3    ###....
 Ice Form                 Ice/Tmut       #.......     65%         4    ####...
 Blade Hands              Tmut           ##........   71%         5    ######.


Dungeon Overview and Level Annotations

Branches:
Dungeon (6/15)             Temple (1/1) D:4

Altars:
Ashenzari
Cheibriados
Dithmenos
Elyvilon
Fedhas
Gozag
Hepliaklqana
Kikubaaqudgha
Makhleb
Nemelex Xobeh
Okawaru
Qazlal
Ru
Sif Muna
Trog
Vehumet
Wu Jian
Xom
Yredelemnul
Zin
The Shining One
Jiyva


Innate Abilities, Weirdness & Mutations

You have hoof-like feet.
You are partially covered in large bone plates. (SH +4)
You sometimes gain a little power by taking damage.
You are partially covered in sharp spines.


Message History

* * * LOW HITPOINT WARNING * * *
Your ball python barely misses the orc warrior. x2
Your ball python bites the orc warrior but does no damage.
Your ball python grabs the orc warrior.
Your ball python constricts the orc warrior.
The orc warrior hits your ball python with a +0 mace!
Your ball python dies!
A jelly comes into view.
The jelly quivers.
The jelly is struck by your spines. The jelly closely misses you.
You are feeling hungry.
You feel a little less agile now.
Your magical contamination has completely faded away.
Casting: Sticks to Snakes (safe; 6% risk of failure)
Confirm with . or Enter, or press ? or * to list all spells.
You create a snake!
You now have 62 arrows.
The jelly hits you.
* * * LOW HITPOINT WARNING * * *
You are splashed with acid!
You die...

.. #.##.
#.##.######
#.##......#
#.##..<...# ##
#.##......# #>
#S##.#.#### #.
#.##.#.# #. #@##
#.# ####. #J# #.#
#.... #o# #.#
#.##. #.# #.# # #.
#.# #.###### #.
#.# #......##.##.
#.##.######.##.##.
#.##.# #.##.##.
#.##.# #.##.##.


You could see an orc warrior, a jelly and a friendly ball python.

Vanquished Creatures
  Sigmund (D:6)
  A sky beast (D:5)
  An orc warrior (D:6)
  A bullfrog zombie (D:5)
  2 jellies (D:3)
  2 orc wizards
  A centaur skeleton (D:4)
  An orc priest (D:6)
  6 worker ants
  7 adders
  An ooze (D:3)
  An adder skeleton (D:5)
  2 worms
  2 dart slugs (D:1)
  5 leopard geckos
  5 orcs
  4 ball pythons
  9 bats
  2 giant cockroaches
  11 goblins
  4 hobgoblins
  An iguana (D:3)
  15 jackals
  8 kobolds
  2 quokkas (D:6)
  3 frilled lizards
  A leopard gecko skeleton (D:4)
  7 rats
106 creatures vanquished.

Notes
Turn   | Place    | Note
-------+----------+-------------------------------------------
     0 | D:1      | kae the Demonspawn Transmuter began the quest for the Orb.
     0 | D:1      | Reached XP level 1. HP: 15/15 MP: 3/3
   166 | D:1      | Gained mutation: You are partially covered in sharp spines.
                  | [demonic ancestry]
   166 | D:1      | Reached XP level 2. HP: 14/21 MP: 3/5
   179 | D:1      | Reached skill level 3 in Unarmed Combat
   511 | D:1      | Reached XP level 3. HP: 26/26 MP: 6/6
   866 | D:2      | Found a shattered altar of Ashenzari.
  1172 | D:2      | Found a white marble altar of Elyvilon.
  1833 | D:3      | Gained mutation: You have large cloven feet. [demonic
                  | ancestry]
  1833 | D:3      | Reached XP level 4. HP: 33/33 MP: 7/7
  1901 | D:3      | Learned a level 2 spell: Sticks to Snakes
  1905 | D:3      | Learned a level 3 spell: Spider Form
  2015 | D:3      | Found a shimmering blue altar of Sif Muna.
  2198 | D:3      | Gained mutation: You sometimes gain a little power by
                  | taking damage. [demonic ancestry]
  2198 | D:3      | Reached XP level 5. HP: 37/38 MP: 9/9
  2615 | D:3      | Reached skill level 4 in Unarmed Combat
  3047 | D:3      | Found a shimmering altar of Xom.
  3153 | D:4      | Found a shadowy altar of Dithmenos.
  3601 | D:4      | Found an ancient bone altar of Kikubaaqudgha.
  3602 | D:4      | Found a snail-covered altar of Cheibriados.
  3602 | D:4      | Found a basalt altar of Yredelemnul.
  3603 | D:4      | Found a shimmering altar of Xom.
  3603 | D:4      | Found a radiant altar of Vehumet.
  3603 | D:4      | Found a sparkling altar of Nemelex Xobeh.
  3604 | D:4      | Found a blossoming altar of Fedhas.
  3636 | D:4      | Gained mutation: You are partially covered in large bone
                  | plates. (SH +4) [demonic ancestry]
  3636 | D:4      | Reached XP level 6. HP: 46/46 MP: 10/10
  3708 | D:4      | Found a staircase to the Ecumenical Temple.
  3725 | Temple   | Entered the Ecumenical Temple
  3868 | Temple   | Became a worshipper of the Wu Jian Council
  4405 | D:5      | Entered Level 5 of the Dungeon
  4418 | D:5      | Found an iron altar of Okawaru.
  4566 | D:5      | Noticed a sky beast
  4839 | D:5      | Killed a sky beast
  4839 | D:5      | Reached skill level 5 in Unarmed Combat
  4839 | D:5      | Gained mutation: You have hoof-like feet. [demonic
                  | ancestry]
  4839 | D:5      | Reached XP level 7. HP: 14/52 MP: 9/12
  5590 | D:6      | Noticed Sigmund
  5602 | D:6      | Killed Sigmund
  5813 | D:6      | Splashed by a jelly's acid

Levels and vault maps discovered:
D:1:      eino_arrival_cavern_a, layout_loops_ring
D:2:      layout_loops_ring, elyvilon_altar_5, first_ration,
          minmay_tree_intersection, chequers_serial_rivers_marsh,
          ebering_dispersal_statue_hall, evilmike_ruin_ashenzari
D:3:      layout_loops_corners, old_standard_altar, minmay_misc_feat_enclosed,
          dk_xom_monty_hall
D:4:      layout_loops_ring, grunt_temple_overflow_open, old_standard_altar,
          minmay_temple_entry_waves
D:5:      layout_basic, okawaru_trees_1
D:6:      layout_basic, nicolae_ru_awakened_eye, uniq_sigmund
Temple:   pf_slime_end_temple

Skill      XL: |  1  2  3  4  5  6  7 |
---------------+----------------------+-----
Unarmed Combat | 3 4 5 |  5.7
Transmutations | 2 3 |  3.9
Fighting       | 2 3 |  3.9
Spellcasting   | 3 4 |  4.0
Dodging        | |  1.7

Action                   |  1- 3 |  4- 6 |  7- 9 || total
-------------------------+-------+-------+-------++-------
Melee: Unarmed           |   120 |   153 |    47 ||   320
       Headbutt          |     5 |     9 |     1 ||    15
       Punch             |     2 |       |     1 ||     3
       Kick              |     4 |    34 |     4 ||    42
 Cast: Beastly Appendage |    14 |    12 |     2 ||    28
       Spider Form       |       |     1 |     3 ||     4
       Sticks to Snakes  |       |       |     6 ||     6
Invok: Lunge             |       |     6 |     3 ||     9
  Use: Scroll            |     5 |     3 |       ||     8
       Potion            |       |     1 |       ||     1
 Stab: Sleeping          |     2 |     1 |       ||     3
  Eat: Chunk             |     3 |     9 |     1 ||    13
       Ration            |       |       |     1 ||     1
Armor: Robe              |    42 |    30 |     1 ||    73
       Skin              |       |     1 |       ||     1
Dodge: Dodged            |    88 |    73 |    24 ||   185
Block: Other             |       |     5 |     2 ||     7

Table legend:
 A = Non-vault XP
 B = Vault XP
 C = Vault XP percentage of total XP
 D = Non-vault monster count
 E = Vault monster count
 F = Vault count percentage of total count
                 A         B        C        D         E       F
            +---------+---------+-------+---------+---------+-------
      Total |     928 |     316 |  25.4 |     102 |       4 |   3.8
            +---------+---------+-------+---------+---------+-------
        D:1 |      50 |       0 |   0.0 |      26 |       0 |   0.0
        D:2 |      32 |       0 |   0.0 |      18 |       0 |   0.0
        D:3 |     150 |      89 |  37.2 |      28 |       3 |   9.7
        D:4 |     241 |       0 |   0.0 |      14 |       0 |   0.0
        D:5 |     194 |       0 |   0.0 |       7 |       0 |   0.0
        D:6 |     261 |     227 |  46.5 |       9 |       1 |  10.0
            +---------+---------+-------+---------+---------+-------
